 Dungeon Crawl Stone Soup version 0.26-a0-833-g7262b39652 (webtiles) character file.

Game seed: 5788588449081529510

253 KristoblXynda the Ducker (level 5, -1/45 HPs)
             Began as a Troll Hedge Wizard on Nov 16, 2020.
             Killed from afar by an orc wizard (8 damage)
             ... with a puff of flame
             ... on level 3 of the Dungeon.
             The game lasted 00:03:54 (2428 turns).

KristoblXynda the Ducker (Troll Hedge Wizard)       Turns: 2428, Time: 00:03:54

Health: -1/45      AC:  6    Str: 18    XL:     5   Next: 90%
Magic:  7/7        EV: 10    Int: 11    God:
Gold:   171        SH:  0    Dex:  9    Spells: 7/8 levels left

rFire    . . .     SeeInvis .     - Unarmed
rCold    + . .     Faith    .   (no shield)
rNeg     . . .     Spirit   .   b - +0 robe
rPois    .         Reflect  .   c - +0 hat
rElec    .         Harm     .   (no cloak)
rCorr    .         Rampage  .   (gloves unavailable)
MR       .....                  (boots unavailable)
Stlth    +.........             (no amulet)
HPRegen  0.55/turn              m - ring of protection from cold
MPRegen  0.10/turn              (no ring)

@: no status effects
A: large, unfitting armour, claws 3, regeneration 1, shaggy fur 1, tough skin 3
a: no special abilities


You were on level 3 of the Dungeon.
You visited 1 branch of the dungeon, and saw 3 of its levels.

You collected 171 gold pieces.

Inventory:

Missiles
 e - a throwing net (quivered)
Armour
 b - a +0 robe (worn)
 c - a +0 hat (worn)
Jewellery
 m - a ring of protection from cold (left claw)
Scrolls
 a - 5 scrolls of identify {unknown}
 g - 2 scrolls of amnesia {unknown}
 h - 2 scrolls of enchant weapon {unknown}
 i - a scroll of fog {unknown}
 n - a scroll of noise {unknown}
 o - a scroll of remove curse {unknown}
 p - a scroll of blinking {unknown}
Potions
 d - 4 potions of curing {unknown}
 f - 3 potions of mutation {unknown}
 j - a potion of flight {unknown}
 k - a potion of brilliance {unknown}
 l - 3 potions of haste {unknown}


   Skills:
 + Level 3.2 Dodging
 - Level 1.0 Stealth
 + Level 3.1 Unarmed Combat
 - Level 2.0 Spellcasting
 + Level 2.5 Conjurations
   Level 0.6 Summonings
   Level 0.6 Translocations


You had 7 spell levels left.
You knew the following spells:

 Your Spells              Type           Power        Failure   Level
a - Magic Dart            Conj           #...         11%         1

Your spell library contained the following spells:

 Spells                   Type           Power        Failure   Level
 Apportation              Tloc           #.....       22%         1
 Summon Small Mammal      Summ           #...         22%         1
 Animate Skeleton         Necr           #.....       28%         1
 Corona                   Hex            #......      28%         1
 Blink                    Tloc           N/A          34%         2
 Call Imp                 Summ           #.......     34%         2
 Slow                     Hex            #.......     41%         2
 Conjure Flame            Conj/Fire      #.......     45%         3
 Mephitic Cloud           Conj/Pois/Air  #.......     52%         3


Dungeon Overview and Level Annotations

Branches:
Dungeon (3/15)

Altars:


Innate Abilities, Weirdness & Mutations

You are too large for most types of armour.
You have claws for hands.
Your natural rate of healing is unusually fast.
You are covered in fur. (AC +1)
You have extremely tough skin. (AC +3)


Message History

* * * LOW HITPOINT WARNING * * *
The bat barely misses you.
You miss the bat. The bat hits you but does no damage.
You claw the bat!
You kill the bat!
You scratch the orc.
You kill the orc!
Something hits you but does no damage.
Things that are here:
a +0 whip; a bat corpse You miss something.
Something hits you but does no damage.
You miss something.
An orc wizard appears from thin air!
Reactivating autopickup.
The orc wizard points at you and mumbles some strange words.
The magic dart hits you.
* * * LOW HITPOINT WARNING * * *
You barely miss the orc wizard.
The orc wizard gestures at you while chanting.
The puff of flame hits you!
You die...

#########################
......)(.....o@.........#######
..######)..############........
###....###..### #........
##........#....# #.######.
#..###.........# #.# #.
##.##.....#.....# ######.######.
#..#(..)..#.....# #....†........
#..#..##..#.....####..#########..
#..#..##..#..#.......(# #..


You could see an orc wizard.

Vanquished Creatures
  A centaur (D:3)
  Robin (D:2)
  A gnoll (D:3)
  2 adders
  2 oozes
  An adder skeleton (D:3)
  A worm (D:3)
  3 dart slugs
  4 leopard geckos
  9 orcs (D:3)
  8 bats
  A giant cockroach (D:3)
  13 goblins
  18 hobgoblins
  12 jackals
  A quokka (D:3)
  5 frilled lizards
  7 kobolds
  12 rats
102 creatures vanquished.

Notes
Turn   | Place    | Note
-------+----------+-------------------------------------------
     0 | D:1      | KristoblXynda the Troll Hedge Wizard began the quest for
                  | the Orb.
     0 | D:1      | Reached XP level 1. HP: 16/16 MP: 2/2
   196 | D:1      | Reached skill level 1 in Conjurations
   206 | D:1      | Reached XP level 2. HP: 22/24 MP: 4/4
   340 | D:1      | Reached skill level 1 in Unarmed Combat
   684 | D:1      | Reached XP level 3. HP: 25/31 MP: 5/5
  1231 | D:2      | Noticed Robin
  1463 | D:2      | Reached XP level 4. HP: 39/39 MP: 6/6
  1520 | D:2      | Killed Robin
  2069 | D:3      | Noticed a centaur
  2108 | D:3      | Killed a centaur
  2109 | D:3      | Reached XP level 5. HP: 12/45 MP: 7/7
  2428 | D:3      | Killed from afar by an orc wizard

Illustrated notes

Levels and vault maps discovered:
D:1:      erik_arrival_triangle_huge, layout_basic, chequers_decorated_corner,
          minmay_parallelograms
D:2:      layout_rooms, st_stairs_7, uniq_robin
D:3:      kennysheep_the_goblin_king, layout_loops_ring, hex_medium,
          minmay_misc_feat_encased, glass_columns_c,
          minmay_randomly_rotated_circles

Skill      XL: |  1  2  3  4  5 |
---------------+----------------+-----
Conjurations   | 1 2 |  2.5
Unarmed Combat | 1 2 3 |  3.1
Dodging        | 2 3 |  3.2
Stealth        | |  1.0
Spellcasting   | |  2.0
Summonings     | |  0.6
Translocations | |  0.6

Action                   |  1- 3 |  4- 6 || total
-------------------------+-------+-------++-------
Melee: Unarmed           |   142 |   182 ||   324
       Dagger            |     1 |       ||     1
       Punch             |       |     1 ||     1
 Stab: Sleeping          |     3 |       ||     3
Armor: Robe              |    65 |    91 ||   156
Dodge: Dodged            |    85 |   114 ||   199

Table legend: (Time is in decaauts)
 A = Elapsed time spent in this place.
 B = Non-inter-level travel time spent in this place.
 C = Inter-level travel time spent in this place.
 D = Time resting spent in this place.
 E = Time spent auto-exploring this place.
 F = Levels seen in this place.
 G = Mean time per level.
                   A        B        C        D        E       F      G
               +--------+--------+--------+--------+--------+-----+--------+
         Total |   2416 |   2298 |    118 |     88 |   1486 |   3 |  805.3 |
       Dungeon |   2416 |   2298 |    118 |     88 |   1486 |   3 |  805.3 |
               +--------+--------+--------+--------+--------+-----+--------+

Top non-repeatable levels by time:
     D:1: 1275 daAuts
     D:3: 591 daAuts
     D:2: 550 daAuts
